 Dungeon Crawl Stone Soup version 0.18-a0-1572-g0a86841 (webtiles) character file.

21 PierrePorte the Vexing (level 3, 0/20 HPs)
             Began as a Kobold Arcane Marksman on Mar 15, 2016.
             Succumbed to an adder's poison
             ... on level 2 of the Dungeon.
             The game lasted 00:07:10 (1472 turns).

PierrePorte the Vexing (Kobold Arcane Marksman)     Turns: 1472, Time: 00:07:10

Health: 0/20       AC:  2    Str:  9    XL:     3   Next: 2%
Magic:  4/4        EV: 15    Int: 11    God:
Gold:   53         SH:  0    Dex: 16    Spells: 1 memorised, 3 levels left

rFire  . . .     SeeInvis .     p - +0 short sword
rCold  . . .     Gourm    .     b - +0 robe
rNeg   . . .     Faith    .     (shield restricted)
rPois  .         Spirit   .     (no helmet)
rElec  .         Dismiss  .     (no cloak)
rCorr  .         Reflect  .     (no gloves)
SustAt .         Harm     .     (no boots)
MR     .....                    (no amulet)
Stlth  +.........               (no ring)
                                (no ring)

@: lethally poisoned (0 -> -8), not resistant to hostile enchantments, very
unstealthy
A: carnivore 3
a: no special abilities


You were on level 2 of the Dungeon.
You were not hungry.

You visited 1 branch of the dungeon, and saw 2 of its levels.

You collected 53 gold pieces.

Inventory:

Hand Weapons
 a - a +0 hand crossbow
 k - a +0 whip
 o - a +0 dagger
 p - a +0 short sword (weapon)
Missiles
 d - 17 bolts
 e - 17 arrows of frost
 n - 5 poisoned needles
 r - 25 stones (quivered)
Armour
 b - a +0 robe (worn)
 h - a +0 scale mail
 i - a +0 chain mail
 q - a +0 ring mail
Jewellery
 g - an uncursed ring of protection from cold {unknown}
 l - an uncursed ring of protection from cold {unknown}
Potions
 j - a potion of haste {unknown}
Books
 c - a book of Debilitation

   Spells                             Type                      Level
   a - Corona                         Hexes                        1
   b - Slow                           Hexes                        2
   c - Gell's Gravitas                Hexes/Translocation          3
   d - Inner Flame                    Hexes/Fire                   3
   e - Cause Fear                     Hexes                        4
   f - Leda's Liquefaction            Hexes/Earth                  4
Comestibles
 f - a meat ration
 m - a royal jelly


   Skills:
 - Level 1.1 Fighting
 + Level 3.2 Crossbows
 - Level 2.4 Dodging
 - Level 1.0 Spellcasting
 + Level 3.5 Hexes


You had 3 spell levels left.
You knew the following spells:

 Your Spells              Type           Power        Failure   Level  Hunger
a - Corona                Hex            #......      10%         1    ##.....


Dungeon Overview and Level Annotations

Branches:
Dungeon (2/15)

Altars:


Innate Abilities, Weirdness & Mutations

You are small and have problems with some larger weapons.
You are carnivorous and can eat meat at any time.


Message History

You hit the adder.
The adder is almost dead.
You feel sick. The adder bites you. The adder barely misses you.
You miss the adder.
The adder is almost dead.
The adder bites you.
You are lethally poisoned!
The adder poisons you!
You miss the adder.
The adder is severely wounded.
You feel sick. The adder bites you.
* * * LOW HITPOINT WARNING * * *
You closely miss the adder.
The adder is severely wounded.
* * * LOW HITPOINT WARNING * * *
You feel sick. The adder barely misses you. The adder bites you.
* * * LOW HITPOINT WARNING * * *
You hit the adder but do no damage.
The adder is severely wounded.
You die...

.)..... #.#
....... #.#
....... #.#
......? #.# .
....... #.# ...
..)....####.#.....
..............#
........###.###
........S@#+###+
#######..........
#..........
#..........
#..........
#..........
#.#######.# #.# .#
#.#


You could see an adder.

Vanquished Creatures
  2 dart slugs (D:1)
  3 jackals (D:1)
  A ball python (D:1)
  2 bats (D:1)
  3 giant newts
  6 goblins
17 creatures vanquished.

Notes
Turn   | Place    | Note
--------------------------------------------------------------
     0 | D:1      | PierrePorte the Kobold Arcane Marksman began the quest for the Orb.
     0 | D:1      | Reached XP level 1. HP: 12/12 MP: 2/2
   209 | D:1      | Reached XP level 2. HP: 1/16 MP: 3/3
  1443 | D:2      | Reached XP level 3. HP: 20/20 MP: 4/4
  1471 | D:2      | HP: 1/20 [adder (3)]
  1472 | D:2      | Succumbed to an adder's poison

Vault maps used:
D:1:      nicolae_arrival_washed_ashore
D:2:      first_bread

Skill      XL: |  1  2 |
---------------+-------+-----
Crossbows      | 3 |  3.2
Fighting       | |  1.1
Dodging        | |  2.4
Spellcasting   | |  1.0
Hexes          | |  3.5

Action                   || total
-------------------------++-------
Melee: Unarmed           ||    35
       Short sword       ||    26
       Whip              ||    18
       Dagger            ||     9
 Fire: Hand crossbow     ||     5
 Stab: Sleeping          ||     2
  Eat: Chunk             ||     5
